[Event "Team 45 45 League T34"]
[Site "Internet Chess Club"]
[Date "2007.07.25"]
[Round "1"]
[White "BOGAZICI-1896SK"]
[Black "CaptainLi"]
[Result "1-0"]
[WhiteElo "1994"]
[BlackElo "1794"]
[Opening "French: Chigorin variation"]
[ECO "C00"]
[Time "13:00:00"]
[TimeControl "2700+45"]

1. e4 e6 2. Qe2 c6 3. b3 d5 4. d3 Nf6 5. Bb2 Bb4+ 6. c3 Ba5 7. Nd2 O-O 8. g3
dxe4 9. dxe4 Nbd7 10. Bg2 Ne5 11. O-O-O Nfg4 12. Nc4 Qc7 13. Nxa5 Qxa5 14. f4
Qxa2 15. fxe5 Nxe5 16. Kc2 Qa5 17. Nf3 Ng6 18. h4 Ne7 19. h5 f5 20. Ra1 Qb6 21.
Ba3 c5 22. h6 g6 23. Qe3 fxe4 24. Bxc5 Nf5 25. Bxb6 Nxe3+ 26. Bxe3 exf3 27. Bf1
e5 28. Bc4+ Kh8 29. Rxa7 Bf5+ 30. Kb2 Rab8 31. Re1 Bh3 32. Bf2 Rbd8 33. Kc1 Rd7
34. Rxe5 Rfd8 35. Rd5 Rxd5 36. Bxd5 {Black resigns} 1-0

[Event "Team 45 45 League T34"]
[Site "Internet Chess Club"]
[Date "2007.07.19"]
[Round "1"]
[White "cascarillo"]
[Black "fledermaus"]
[Result "1-0"]
[WhiteElo "2067"]
[BlackElo "2036"]
[Opening "Caro-Kann: classical, Spassky variation"]
[ECO "B19"]
[Time "15:08:53"]
[TimeControl "2700+45"]

1. e4 c6 2. d4 d5 3. Nc3 dxe4 4. Nxe4 Bf5 5. Ng3 Bg6 6. h4 h6 7. Nf3 Nd7 8. h5
Bh7 9. Bd3 Bxd3 10. Qxd3 Ngf6 11. Bf4 Qa5+ 12. c3 e6 13. Ne5 Nxe5 14. Bxe5 Be7
15. Bxf6 Bxf6 16. Ne4 Be7 17. Qg3 O-O 18. Qe5 Qxe5 19. dxe5 Rfd8 20. Ke2 Rd5 21.
f4 Rad8 22. Rad1 f5 23. Rxd5 Rxd5 24. Nd2 Kf7 25. Nb3 Ke8 26. Rd1 Rxd1 27. Kxd1
Kd7 28. g3 b5 29. Nd4 a6 30. Ke2 c5 31. Nc2 Kc6 32. b3 Kd5 33. Kd3 c4+ 34. bxc4+
bxc4+ 35. Ke3 Bc5+ 36. Kf3 a5 37. a4 Kc6 38. Kg2 Kd5 39. Kf3 Kc6 40. g4 fxg4+
41. Kxg4 Kd5 42. Kf3 Bg1 43. Ne3+ Kc5 44. Ke4 Bf2 45. f5 exf5+ 46. Nxf5 Be1 47.
e6 Kc6 48. Kd4 Bd2 49. Kxc4 Bg5 50. Kd3 Bf6 51. c4 Kc7 52. c5 Kc6 53. e7 Kd7 54.
c6+ {Black resigns} 1-0

[Event "Team 45 45 League T34"]
[Site "Internet Chess Club"]
[Date "2007.07.20"]
[Round "1"]
[White "Wheels"]
[Black "Amauta"]
[Result "0-1"]
[WhiteElo "1841"]
[BlackElo "1961"]
[Opening "Dutch"]
[ECO "A80"]
[Time "21:04:49"]
[TimeControl "2700+45"]

1. d4 f5 2. Nc3 Nf6 3. Bg5 e6 4. e4 fxe4 5. Nxe4 Be7 6. Bxf6 Bxf6 7. Nf3 O-O 8.
Qd2 Be7 9. O-O-O b6 10. d5 Bb7 11. Nc3 Bd6 12. Qd4 Bc5 13. Qg4 exd5 14. Nxd5
Bxd5 15. Rxd5 Qf6 16. Bc4 Kh8 17. Re1 Bxf2 18. Ree5 g6 19. Ng5 c6 20. Qh3 h5 21.
Rf5 cxd5 22. Rxf6 Rxf6 23. Bxd5 Nc6 24. Nf7+ Kg7 25. Qxd7 Be3+ 26. Kd1 Nd4 27.
Ne5+ Kh6 28. Nf3 Raf8 29. Nxd4 Bxd4 30. c3 Be5 31. Kc2 Rd6 32. Qb7 Rf2+ 33. Kb3
Bxh2 34. Bf3 Rdd2 35. Qxa7 Rxb2+ 36. Kc4 b5+ 37. Kd5 Rfd2+ 38. Ke4 Rxa2 39. Qe3+
Kh7 40. c4 bxc4 41. Qg5 Bd6 42. Qf6 c3 43. Bxh5 Ra4+ 44. Ke3 Bc5+ {White
resigns} 0-1

[Event "Team 45 45 League T34"]
[Site "Internet Chess Club"]
[Date "2007.07.22"]
[Round "1"]
[White "makito"]
[Black "Morpheous"]
[Result "0-1"]
[WhiteElo "1787"]
[BlackElo "1873"]
[Opening "Nimzo-Indian: Kmoch variation"]
[ECO "E20"]
[Time "12:15:22"]
[TimeControl "2700+45"]

1. d4 Nf6 2. c4 e6 3. Nc3 Bb4 4. f3 d5 5. cxd5 Qxd5 6. e4 Qa5 7. Bd2 Qb6 8. Be3
O-O 9. a3 Be7 10. Qd2 Rd8 11. b4 a5 12. b5 e5 13. d5 Bc5 14. Bxc5 Qxc5 15. Na4
Qe7 16. Bd3 Nxd5 17. exd5 Qh4+ 18. Ke2 Qxa4 19. Qg5 Rxd5 20. Nh3 Bxh3 21. gxh3
Nd7 22. Rhg1 g6 23. h4 Qd4 24. Rad1 e4 25. Bc2 Qc4+ 26. Ke1 Rxg5 27. Rxg5 Qxc2
28. Rxd7 Re8 {White resigns} 0-1

[Event "Team 45 45 League T34"]
[Site "Internet Chess Club"]
[Date "2007.07.21"]
[Round "1"]
[White "jlowe"]
[Black "Mississippian"]
[Result "1-0"]
[WhiteElo "1668"]
[BlackElo "1441"]
[Opening "Pirc defense"]
[ECO "B07"]
[Time "13:02:07"]
[TimeControl "2700+45"]

1. e4 d6 2. d4 Nf6 3. Nc3 g6 4. Be3 Bg7 5. Qd2 O-O 6. O-O-O a5 7. Bh6 Nbd7 8.
Bxg7 Kxg7 9. e5 Ng8 10. h4 c6 11. h5 b5 12. hxg6 fxg6 13. Bd3 dxe5 14. Qg5 exd4
15. Rxh7+ {Black resigns} 1-0

[Event "Team 45 45 League T34"]
[Site "Internet Chess Club"]
[Date "2007.07.22"]
[Round "1"]
[White "Boromir"]
[Black "Avedldesierto"]
[Result "0-1"]
[WhiteElo "1923"]
[BlackElo "1762"]
[Opening "QGA: 3.e4"]
[ECO "D20"]
[Time "15:02:02"]
[TimeControl "2700+45"]

1. d4 d5 2. c4 dxc4 3. e4 Nf6 4. e5 Nd5 5. Bxc4 Nc6 6. Nc3 Nb6 7. Bb5 Bd7 8. Nf3
e6 9. O-O Be7 10. a4 a6 11. Bd3 h6 12. Be4 Rb8 13. a5 Nc4 14. b3 N4xa5 15. Bd2
b6 16. d5 exd5 17. Nxd5 Be6 18. Nxe7 Qxe7 19. Bxc6+ Nxc6 20. Rxa6 O-O 21. Bc3
Rfd8 22. Qc2 Bg4 23. Qe4 Bxf3 24. gxf3 Qg5+ 25. Kh1 Ne7 26. e6 Qf5 27. exf7+
Qxf7 28. Bxg7 Kxg7 29. Rg1+ Kf8 30. Ra4 Rd6 31. Qe3 Nd5 32. Qe4 Nc3 {White
resigns} 0-1

[Event "Team 45 45 League T34"]
[Site "Internet Chess Club"]
[Date "2007.07.22"]
[Round "1"]
[White "Dbronstein06"]
[Black "MrShaw"]
[Result "0-1"]
[WhiteElo "1676"]
[BlackElo "1807"]
[Opening "Pirc: classical system, 5.Be2"]
[ECO "B08"]
[Time "09:07:30"]
[TimeControl "2700+45"]

1. e4 d6 2. d4 Nf6 3. Nc3 g6 4. Nf3 Bg7 5. Be2 O-O 6. O-O Bg4 7. h3 Bxf3 8. Bxf3
Nc6 9. Be3 e5 10. d5 Ne7 11. Qd2 Nd7 12. Bh6 f5 13. Bxg7 Kxg7 14. exf5 Nxf5 15.
Ne4 Nf6 16. Ng5 Nd4 17. c3 h6 18. cxd4 hxg5 19. dxe5 dxe5 20. Qxg5 e4 21. Be2
Qxd5 22. Qxd5 Nxd5 23. Rfd1 Rad8 24. Rac1 c6 25. Bc4 Nf4 26. Re1 b5 27. Bf1 Nd3
28. Bxd3 exd3 29. Rxc6 Rf7 30. Rd1 Re7 31. Kh2 Re2 32. Rc7+ Kf6 33. Rc3 Rxb2 34.
Rc6+ Kf5 35. g4+ Kf4 36. Kg2 g5 37. Re1 Re2 38. Rd1 Rxa2 39. Re1 Re2 40. Rd1 b4
41. Rc4+ Re4 42. Rc5 Re2 43. Rc4+ Ke5 44. Rxb4 Rd5 45. Rb3 Ke4 46. Kf1 Ra2
{White forfeits on time} 0-1

[Event "Team 45 45 League T34"]
[Site "Internet Chess Club"]
[Date "2007.07.22"]
[Round "1"]
[White "pokerram"]
[Black "egd01"]
[Result "0-1"]
[WhiteElo "1729"]
[BlackElo "1638"]
[Opening "Sicilian: Najdorf, 6.f4"]
[ECO "B93"]
[Time "15:00:58"]
[TimeControl "2700+45"]

1. e4 c5 2. Nf3 d6 3. d4 cxd4 4. Nxd4 Nf6 5. Nc3 a6 6. f4 e5 7. Nf3 Nbd7 8. a4
Be7 9. Bd3 Nc5 10. fxe5 Nxd3+ 11. cxd3 dxe5 12. Nxe5 O-O 13. O-O Qd4+ 14. Kh1
Qxe5 15. Bf4 Qh5 16. Qe1 Qc5 17. Be3 Qc7 18. Bf4 Qd7 19. Rd1 Bb4 20. Be5 Ne8 21.
Qg3 Bd6 22. Nd5 Qe6 23. Bxd6 Qxd6 24. Qh4 f6 25. a5 Be6 26. Nb6 Rd8 27. d4 Bb3
28. Rd3 Qb4 29. e5 Bc4 30. Rh3 h6 31. Rc1 Qxb2 32. Rhc3 Bd5 33. R3c2 Qb5 34. Rc5
Qb2 35. Rg1 Bc6 36. exf6 Nxf6 37. d5 Nxd5 38. Rcc1 Nf4 39. Rxc6 Rd1 40. Qg3
Rxg1+ {White resigns} 0-1

[Event "Team 45 45 League T34"]
[Site "Internet Chess Club"]
[Date "2007.07.24"]
[Round "1"]
[White "arriero55"]
[Black "AlterEgo"]
[Result "1-0"]
[WhiteElo "1587"]
[BlackElo "1612"]
[Opening "Alekhine's defense"]
[ECO "B03"]
[Time "14:02:11"]
[TimeControl "2700+45"]

1. e4 Nf6 2. e5 Nd5 3. d4 e6 4. a3 Nc6 5. c4 Nb6 6. Nc3 d6 7. Nf3 dxe5 8. dxe5
Qxd1+ 9. Nxd1 Be7 10. Be2 a5 11. Nc3 Nd7 12. Bf4 O-O 13. O-O h6 14. Rfe1 g5 15.
Bg3 g4 16. Nd2 Ndxe5 17. Bd1 Bf6 18. Nce4 Bg7 19. Be2 Nd4 20. Ra2 Nxe2+ 21. Rxe2
c6 22. Bh4 Nd3 23. Re3 Nxb2 24. Nf6+ Kh8 25. Rxb2 {Black resigns} 1-0

[Event "Team 45 45 League T34"]
[Site "Internet Chess Club"]
[Date "2007.07.22"]
[Round "1"]
[White "fledermaus"]
[Black "reinaroja"]
[Result "1/2-1/2"]
[WhiteElo "2052"]
[BlackElo "2189"]
[Opening "QGD: Orthodox defense, Bd3 line"]
[ECO "D66"]
[Time "16:08:41"]
[TimeControl "2700+45"]

1. d4 d5 2. c4 e6 3. Nf3 Nf6 4. Nc3 Be7 5. Bg5 Nbd7 6. e3 O-O 7. Rc1 c6 8. Bd3
h6 9. Bh4 dxc4 10. Bxc4 b5 11. Bd3 Bb7 12. O-O Rc8 13. Qe2 b4 14. Na4 c5 15.
Bxf6 Bxf6 16. Nxc5 Nxc5 17. Rxc5 Rxc5 18. dxc5 Qd5 19. Rc1 Rc8 20. b3 Rxc5 21.
Rxc5 Qxc5 22. h3 a5 23. Nd2 Bc6 24. Be4 Bb5 25. Bd3 Bc6 26. Be4 Bb5 {Game drawn
by mutual agreement} 1/2-1/2

[Event "Team 45 45 League T34"]
[Site "Internet Chess Club"]
[Date "2007.07.22"]
[Round "1"]
[White "AlexeiD"]
[Black "jonesey"]
[Result "1-0"]
[WhiteElo "2062"]
[BlackElo "1965"]
[Opening "Vienna game"]
[ECO "C27"]
[Time "10:11:30"]
[TimeControl "2700+45"]

1. e4 e5 2. Nc3 Nf6 3. Bc4 Nxe4 4. Qh5 Nd6 5. Bb3 Be7 6. Qxe5 O-O 7. Nge2 Nc6 8.
Qf4 Bg5 9. Qf3 Qf6 10. Qg3 Bh4 11. Nd5 Qd8 12. Qf4 Bg5 13. Qf3 Ne5 14. Qc3 Nc6
15. d4 Bxc1 16. Rxc1 Re8 17. Qd2 Ne4 18. Qf4 d6 19. O-O Na5 20. Rfe1 Nxb3 21.
axb3 c6 22. Ndc3 Nf6 23. Ng3 Be6 24. Nce4 Nxe4 25. Nxe4 d5 26. Nc5 Qc8 27. Nd3
b6 28. Re3 Qd7 29. Ne5 Qd6 30. Rg3 Rad8 31. Qf6 Qf8 32. Nxc6 Rd6 33. Ne5 Kh8 34.
Qf4 f6 35. Nd3 Bd7 36. Re3 Rxe3 37. fxe3 Bb5 38. c4 Be8 39. Ra1 Bg6 40. Nb4 dxc4
41. bxc4 a5 42. d5 Be8 43. Nd3 Bg6 44. Ne5 Be8 45. Nf3 Rd8 46. Qc7 Qd6 47. Qxd6
Rxd6 48. b4 Rd7 49. bxa5 Ra7 50. a6 Bd7 51. Nd4 Bc8 52. Nc6 Rxa6 53. Rxa6 Bxa6
54. d6 Bc8 55. Nb8 {Black resigns} 1-0

[Event "Team 45 45 League T34"]
[Site "Internet Chess Club"]
[Date "2007.07.22"]
[Round "1"]
[White "MiroslavR"]
[Black "Klampin"]
[Result "0-1"]
[WhiteElo "1982"]
[BlackElo "2014"]
[Opening "QGD Slav: Carlsbad variation"]
[ECO "D17"]
[Time "06:02:10"]
[TimeControl "2700+45"]

1. d4 d5 2. c4 c6 3. Nf3 Nf6 4. Nc3 dxc4 5. a4 Bf5 6. Ne5 Nbd7 7. Nxc4 Qc7 8. g3
e5 9. dxe5 Nxe5 10. Bf4 Nfd7 11. Bg2 g5 12. Bxe5 Nxe5 13. Qd4 f6 14. O-O-O Be6
15. f4 gxf4 16. gxf4 Bxc4 17. fxe5 Bb3 18. exf6 Bxd1 19. f7+ Qxf7 20. Qxh8 Bb3
21. Qe5+ Qe7 22. Qh5+ Bf7 23. Qxh7 Qg5+ 24. e3 Qxg2 25. Rd1 Qf3 26. Qd3 Be6 27.
Rf1 Qg2 28. Ne4 Bg7 29. Rf2 Qh1+ 30. Kc2 Rd8 31. Nd6+ Ke7 32. Qg6 Kxd6 33. Rd2+
Kc7 34. Qxg7+ Kc8 35. Rxd8+ Kxd8 36. Qf6+ Kd7 37. Qg7+ Kd6 38. Qf8+ Kd5 39. Qd8+
Ke4 40. Qd4+ Kf5 41. Qf4+ Kg6 42. Qg3+ Kf7 43. Qc7+ Kf6 44. Qd8+ Kg6 45. Qe8+
Bf7 46. Qe5 Qg2+ 47. Kc3 Qd5 48. Qxd5 Bxd5 49. b4 Kf5 50. Kd4 Be4 51. a5 Bg2 52.
Kc5 Ke5 53. h4 Bf3 54. b5 cxb5 55. Kxb5 Ke4 56. Kc5 Kxe3 57. Kd6 Kf4 58. Kc7 b5
59. axb6 a5 60. Kd6 a4 61. Ke6 a3 {White resigns} 0-1

[Event "Team 45 45 League T34"]
[Site "Internet Chess Club"]
[Date "2007.07.21"]
[Round "1"]
[White "latayvia"]
[Black "JimGrange"]
[Result "1/2-1/2"]
[WhiteElo "1669"]
[BlackElo "1921"]
[Opening "Ruy Lopez: Morphy defense"]
[ECO "C77"]
[Time "08:08:56"]
[TimeControl "2700+45"]

1. e4 e5 2. Nf3 Nc6 3. Bb5 a6 4. Ba4 Nf6 5. c3 b5 6. Bc2 Be7 7. O-O d6 8. d4 Bg4
9. Be3 O-O 10. Nbd2 Re8 11. d5 Nb8 12. a4 c6 13. axb5 cxd5 14. exd5 Nxd5 15. Be4
Nxe3 16. fxe3 d5 17. Bc2 e4 18. h3 Bxf3 19. gxf3 Qb6 20. fxe4 Qxe3+ 21. Kg2 Bd6
22. Rf3 Qg5+ 23. Kh1 Nd7 24. Qe2 Ne5 25. Rf5 Qh6 26. Rh5 Qe6 27. exd5 Qd7 28.
Bxh7+ Kf8 29. Bf5 Qb7 30. Rh8+ Ke7 31. Rxe8+ Rxe8 32. Rxa6 Qxd5+ 33. Ne4 Rd8 34.
Kg1 Bc5+ 35. Nxc5 Qxc5+ 36. Kf1 Kf8 37. b6 Nc4 38. Bd3 Re8 39. Bxc4 Rxe2 40.
Bxe2 Qf5+ 41. Kg2 Ke7 42. Ra7+ Kd6 43. b4 Qg5+ 44. Kf2 Qf4+ 45. Kg2 Qd2 46. Kf2
Qxc3 47. Rxf7 Qxb4 48. b7 {Game drawn by mutual agreement} 1/2-1/2

[Event "Team 45 45 League T34"]
[Site "Internet Chess Club"]
[Date "2007.07.21"]
[Round "1"]
[White "EdBorowski"]
[Black "Capanand"]
[Result "1-0"]
[WhiteElo "2004"]
[BlackElo "1916"]
[Opening "Queen's pawn game"]
[ECO "A46"]
[Time "12:12:46"]
[TimeControl "2700+45"]

1. d4 Nf6 2. Nf3 c5 3. c3 d5 4. Bf4 cxd4 5. Nxd4 Nc6 6. e3 Nxd4 7. exd4 a6 8.
Bd3 e6 9. Nd2 Bd6 10. Bxd6 Qxd6 11. Nf3 O-O 12. O-O Nd7 13. Qe2 f6 14. Rfe1 Re8
15. Qc2 Nf8 16. Rad1 Bd7 17. Re2 b5 18. a3 Rac8 19. Rde1 a5 20. Qb3 Rb8 21. h3
b4 22. axb4 axb4 23. c4 dxc4 24. Bxc4 Kh8 25. Qd3 Bc6 26. Nd2 Rbd8 27. Nb3 Bd5
28. Bxd5 Qxd5 29. Re3 Rd6 30. Rc1 Nd7 31. Rc7 Rc6 32. Rxc6 Qxc6 33. d5 Qb6 34.
dxe6 Ne5 35. Qd4 Qxd4 36. Nxd4 Kg8 37. b3 Kf8 38. f4 Rd8 39. e7+ Kxe7 40. Nc6+
{Black resigns} 1-0

[Event "Team 45 45 League T34"]
[Site "Internet Chess Club"]
[Date "2007.07.21"]
[Round "1"]
[White "morgado"]
[Black "Flying-Tiger"]
[Result "0-1"]
[WhiteElo "1958"]
[BlackElo "1940"]
[Opening "Queen's pawn game"]
[ECO "A45"]
[Time "21:06:57"]
[TimeControl "2700+45"]

1. d4 Nf6 2. e3 g6 3. Bd3 Bg7 4. f4 d6 5. Nf3 O-O 6. O-O c5 7. c3 Nc6 8. Bb5
cxd4 9. exd4 a6 10. Bc4 b5 11. Bb3 Bf5 12. Qe2 Qc7 13. Nbd2 Na5 14. Bd1 Nd5 15.
Nh4 Nxc3 16. bxc3 Qxc3 17. Nxf5 Qxa1 18. Nb3 Nxb3 19. Bxb3 gxf5 20. Be3 Qc3 21.
Rc1 Qb4 22. Qd3 Rac8 23. Rd1 Rc3 24. Qe2 Rfc8 25. Kh1 Rxb3 26. axb3 Qxb3 27. d5
Qc2 28. Qh5 Qe4 29. Bg1 Qxf4 30. Qe2 Qe4 31. Qh5 Rc2 32. Qg5 Qg4 {White resigns}
0-1

[Event "Team 45 45 League T34"]
[Site "Internet Chess Club"]
[Date "2007.07.24"]
[Round "1"]
[White "ChicoKid"]
[Black "Loco-Motif"]
[Result "1/2-1/2"]
[WhiteElo "1943"]
[BlackElo "1870"]
[Opening "Four knights: Scotch, 4...exd4"]
[ECO "C47"]
[Time "14:15:43"]
[TimeControl "2700+45"]

1. e4 e5 2. Nc3 Nf6 3. Nf3 Nc6 4. d4 exd4 5. Nxd4 Bb4 6. Nxc6 bxc6 7. Bd3 d5 8.
exd5 cxd5 9. O-O O-O 10. Bg5 c6 11. Qf3 Qd6 12. Bf4 Qd8 13. h3 Bd6 14. Rfe1 Be6
15. Bg5 Rb8 16. Rab1 Re8 17. Ne2 Be5 18. c3 Bd7 19. Ng3 Qc7 20. Nf5 Bxf5 21.
Qxf5 g6 22. Qf3 Nd7 23. g3 Nc5 24. Bc2 f5 25. Kg2 Ne4 26. Be3 Re7 27. Re2 Rbe8
28. Rbe1 Qb8 29. Bd3 a5 30. h4 a4 31. a3 Rf7 32. Bh6 Bg7 33. Be3 Be5 34. Bh6 Re6
35. Kg1 Qb6 36. Be3 Qb8 37. Bh6 Rfe7 38. Be3 Rb7 39. Bc1 h5 40. Bc2 Qa7 41. Kg2
Rbe7 42. Bh6 Kh7 43. Bf4 Bg7 44. Kh2 Qa6 {Game drawn by mutual agreement}
1/2-1/2

[Event "Team 45 45 League T34"]
[Site "Internet Chess Club"]
[Date "2007.07.22"]
[Round "1"]
[White "Platitude"]
[Black "corsair"]
[Result "1-0"]
[WhiteElo "1629"]
[BlackElo "1737"]
[Opening "English: symmetrical, Benoni formation"]
[ECO "A31"]
[Time "17:03:18"]
[TimeControl "2700+45"]

1. c4 c5 2. Nf3 Nf6 3. d4 cxd4 4. Nxd4 g6 5. Nc3 Bg7 6. e4 d6 7. Be2 O-O 8. O-O
Nc6 9. Nxc6 bxc6 10. Be3 c5 11. h3 Rb8 12. Qd2 Bd7 13. Rad1 Qb6 14. b3 Rfd8 15.
Qc2 Bc6 16. Nd5 Nxd5 17. exd5 Bd7 18. Bg4 Bxg4 19. hxg4 Qc7 20. Qe4 Rf8 21. Rd3
Rbe8 22. g5 f5 23. Qh4 Rf7 24. Bd2 e5 25. dxe6 Rxe6 26. Bf4 Be5 27. Re1 Rfe7 28.
Rde3 Qd7 29. Qh2 Qe8 30. Bxe5 Rxe5 31. Rxe5 Rxe5 32. Rxe5 Qxe5 33. Qxe5 dxe5 34.
f3 Kf7 35. Kf2 Ke6 36. Ke3 a5 37. Kd3 f4 38. Ke4 Kd6 39. Kd3 Ke7 40. a3 Kd7 41.
Ke4 Ke6 42. Kd3 Kf5 43. b4 cxb4 44. axb4 axb4 45. c5 Ke6 46. Kc4 b3 47. Kxb3 Kd7
48. Kc3 Kc7 49. Kd3 {Black resigns} 1-0

[Event "Team 45 45 League T34"]
[Site "Internet Chess Club"]
[Date "2007.07.22"]
[Round "1"]
[White "parrot9"]
[Black "Sleete"]
[Result "0-1"]
[WhiteElo "1701"]
[BlackElo "1641"]
[Opening "Ruy Lopez: Berlin defense, open variation"]
[ECO "C67"]
[Time "08:02:19"]
[TimeControl "2700+45"]

1. e4 e5 2. Nf3 Nc6 3. Bb5 Nf6 4. O-O Nxe4 5. d4 Nd6 6. Bxc6 dxc6 7. dxe5 Nf5 8.
Qxd8+ Kxd8 9. Nc3 Ke8 10. Ne4 Be6 11. h3 h6 12. g4 Ne7 13. Nd4 Bd5 14. Re1 h5
15. g5 Rd8 16. Nf6+ gxf6 17. exf6 Kd7 18. fxe7 Bxe7 19. b3 Bb4 20. Re3 Rhg8 21.
h4 Rge8 22. c4 Be4 23. Ne2 Bc5 24. Rc3 Kc8 25. Be3 Ba3 26. Bc1 Rd1+ 27. Kh2 Bd6+
28. Ng3 Rh1# {White checkmated} 0-1

[Event "Team 45 45 League T34"]
[Site "Internet Chess Club"]
[Date "2007.07.21"]
[Round "1"]
[White "hotwater"]
[Black "OldBoy"]
[Result "1/2-1/2"]
[WhiteElo "1451"]
[BlackElo "1692"]
[Opening "Four knights game"]
[ECO "C47"]
[Time "13:02:57"]
[TimeControl "2700+45"]

1. e4 e5 2. Nf3 Nf6 3. Nc3 Nc6 4. d3 Be7 5. h3 d6 6. Be3 Be6 7. Qd2 O-O 8. Be2
d5 9. Nxd5 Nxd5 10. exd5 Bxd5 11. O-O Bf6 12. c4 Be6 13. Rfd1 Nd4 14. Nxd4 exd4
15. Bf4 Be7 16. Be5 c5 17. Rab1 Bd6 18. Qf4 Bxe5 19. Qxe5 Qe7 20. Re1 f6 21. Qh5
Qc7 22. Bg4 Bxg4 23. Qxg4 Rae8 24. Re2 Re5 25. Rbe1 Rfe8 26. f4 Rxe2 27. Rxe2
Rxe2 28. Qxe2 Kf7 29. f5 Qd7 30. Qh5+ Kg8 31. a3 Qe7 32. b4 b6 33. b5 Qf7 34.
Qxf7+ Kxf7 35. Kf2 g6 36. g4 Ke7 37. Kf3 Kd6 38. Ke4 g5 39. a4 h6 40. Kf3 Ke5
41. Kg3 Kd6 42. Kf3 Ke5 43. Kg3 {Game drawn by mutual agreement} 1/2-1/2

[Event "Team 45 45 League T34"]
[Site "Internet Chess Club"]
[Date "2007.07.21"]
[Round "1"]
[White "rkaebi"]
[Black "beerss"]
[Result "1/2-1/2"]
[WhiteElo "1331"]
[BlackElo "1390"]
[Opening "Scandinavian: Marshall variation"]
[ECO "B01"]
[Time "14:01:18"]
[TimeControl "2700+45"]

1. e4 d5 2. exd5 Nf6 3. d4 Nxd5 4. c4 Nb6 5. Nf3 Bg4 6. Be2 e6 7. O-O Be7 8. Nc3
Nc6 9. Be3 Qd7 10. d5 exd5 11. cxd5 Na5 12. Bxb6 axb6 13. b4 Bxf3 14. gxf3 Bxb4
15. Re1 O-O 16. Rc1 Bxc3 17. Rxc3 b5 18. f4 Qd6 19. Qd4 b4 20. Rg3 Qh6 21. Kh1
Rad8 22. Reg1 g6 23. f5 Rd6 24. fxg6 Rxg6 25. Rxg6+ fxg6 26. d6 cxd6 27. Qd5+
Kg7 28. Qxa5 Qf4 29. Bf1 Qxf2 30. Qxb4 Qxa2 31. Qxb7+ Rf7 32. Qb5 d5 33. Bg2 Rf2
34. Qxd5 Qb2 35. Qb7+ Kh6 36. Qxb2 Rxb2 37. h3 Kg7 38. Rf1 g5 39. Bf3 Rb6 40.
Kg2 Rf6 41. Kg3 Rf4 42. Rd1 h6 43. Bh5 Rh4 44. Rd7+ Kf6 45. Rf7+ Ke5 46. Bg6 Ke6
47. Rf8 Ke7 48. Rf1 Ke6 {Game drawn by mutual agreement} 1/2-1/2

[Event "Team 45 45 League T34"]
[Site "Internet Chess Club"]
[Date "2007.07.18"]
[Round "1"]
[White "Fegary"]
[Black "logicg8"]
[Result "1-0"]
[WhiteElo "1798"]
[BlackElo "1702"]
[Opening "Benko's opening"]
[ECO "A00"]
[Time "14:01:23"]
[TimeControl "2700+45"]

1. g3 d5 2. Bg2 Nf6 3. Nf3 Nbd7 4. d4 c5 5. dxc5 Nxc5 6. c4 e6 7. Nc3 Qa5 8.
cxd5 Nxd5 9. Bd2 Qd8 10. O-O Be7 11. Rc1 O-O 12. Nxd5 Qxd5 13. Bb4 Qc6 14. Qc2
b6 15. Ng5 Qxg2+ 16. Kxg2 Bxg5 17. Bxc5 bxc5 18. f4 Bb7+ 19. e4 Be7 20. Kf2 Rfc8
21. Rfd1 c4 22. Rd7 Bc5+ 23. Kf3 Bc6 24. Rdd1 f5 25. Qxc4 Bxe4+ 26. Ke2 Bb6 27.
Qxe6+ {Black resigns} 1-0

[Event "Team 45 45 League T34"]
[Site "Internet Chess Club"]
[Date "2007.07.21"]
[Round "1"]
[White "boffman"]
[Black "C-Jones"]
[Result "1/2-1/2"]
[WhiteElo "1587"]
[BlackElo "1641"]
[Opening "Sicilian: Alapin's variation (2.c3)"]
[ECO "B22"]
[Time "10:32:39"]
[TimeControl "2700+45"]

1. e4 c5 2. c3 e6 3. d4 d5 4. exd5 Qxd5 5. Nf3 cxd4 6. Qxd4 Qxd4 7. Nxd4 a6 8.
Bd3 Nf6 9. O-O Be7 10. Bg5 O-O 11. Re1 Bd7 12. Nd2 Nc6 13. Nxc6 Bxc6 14. Rad1 h6
15. Bh4 Rac8 16. Be4 Nxe4 17. Bxe7 Rfe8 18. Nxe4 Rxe7 19. f3 {Game drawn by
mutual agreement} 1/2-1/2

[Event "Team 45 45 League T34"]
[Site "Internet Chess Club"]
[Date "2007.07.22"]
[Round "1"]
[White "lw"]
[Black "Mudfrog"]
[Result "1-0"]
[WhiteElo "1498"]
[BlackElo "1524"]
[Opening "Giuoco Pianissimo: Canal variation"]
[ECO "C28"]
[Time "13:59:56"]
[TimeControl "2700+45"]

1. e4 e5 2. Bc4 Nf6 3. Nc3 Nc6 4. d3 Bc5 5. Nf3 d6 6. Bg5 O-O 7. Qd2 Bg4 8.
O-O-O Na5 9. h3 Nxc4 10. dxc4 Be6 11. Qe2 a6 12. Nxe5 Qe8 13. Nd3 Bxc4 14. Bxf6
gxf6 15. Qg4+ Kh8 16. Nxc5 dxc5 17. Nd5 Bxd5 18. Rxd5 Rg8 19. Qf5 Qe6 20. Qf3 b6
21. Rhd1 c6 22. Rd6 Qxa2 23. Qxf6+ Rg7 24. Rd8+ {Black resigns} 1-0

[Event "Team 45 45 League T34"]
[Site "Internet Chess Club"]
[Date "2007.07.22"]
[Round "1"]
[White "Rubacchus"]
[Black "Mississippian"]
[Result "1-0"]
[WhiteElo "1357"]
[BlackElo "1420"]
[Opening "QGD Slav defense"]
[ECO "D10"]
[Time "10:59:44"]
[TimeControl "2700+45"]

1. d4 d5 2. c4 c6 3. Nc3 Nf6 4. g3 g6 5. Bg2 Bg7 6. Qc2 O-O 7. e3 Re8 8. cxd5
cxd5 9. Nge2 Nc6 10. O-O e5 11. Qa4 e4 12. b4 Bd7 13. Qb3 Qb6 14. Rb1 Be6 15. a4
Qc7 16. Ba3 a6 17. Rfc1 Qd7 18. Bf1 Bh3 19. Nf4 Bxf1 20. Rxf1 Rad8 21. b5 Na5
22. Qa2 Nc4 23. Bc5 b6 24. Ba3 Nxa3 25. Qxa3 a5 26. Qa2 Qb7 27. Rfc1 g5 28. Ng2
Rd6 29. h4 Ng4 30. Qe2 Qd7 31. hxg5 Rg6 32. Nf4 Rxg5 33. Nfxd5 Re6 34. Kg2 Reg6
35. Nf4 Rh6 36. Rh1 Qc8 37. Nxe4 Qb7 38. f3 Rf5 39. d5 Ne5 40. Rxh6 Bxh6 41. d6
Nd7 42. Rh1 Bf8 43. g4 Re5 44. Rh5 Rxh5 45. Nxh5 Qb8 46. Qb2 Qe8 47. Nhf6+
{Black resigns} 1-0

[Event "Team 45 45 League T34"]
[Site "Internet Chess Club"]
[Date "2007.07.23"]
[Round "1"]
[White "martineden"]
[Black "backfire"]
[Result "0-1"]
[WhiteElo "1974"]
[BlackElo "1858"]
[Opening "QGD: Albin counter-gambit, 5.g3"]
[ECO "D09"]
[Time "11:06:29"]
[TimeControl "2700+45"]

1. d4 d5 2. c4 e5 3. dxe5 d4 4. Nf3 Nc6 5. g3 Be6 6. Nbd2 Qd7 7. Ng5 Nxe5 8.
Nxe6 Qxe6 9. Bg2 Nd3+ 10. Kf1 Nxc1 11. Rxc1 O-O-O 12. c5 c6 13. a4 Be7 14. b4 d3
15. e3 h5 16. b5 h4 17. bxc6 bxc6 18. Qb3 Qxb3 19. Nxb3 Kc7 20. Nd4 d2 21. Rd1
Bxc5 22. Nxc6 Rd6 23. Ne5 hxg3 24. Nxf7 Rf6 25. Nxh8 Rxf2+ 26. Kg1 Bxe3 27. hxg3
Rf8+ 28. Kh2 Ne7 29. Rhf1 Rxh8+ 30. Bh3 Nd5 31. Kg2 Bg5 32. Kh2 Nc3 33. Ra1 Bf6
34. Ra3 d1=N 35. Rf3 Rd8 36. Bf5 Rd2+ 37. Kh3 Nf2+ 38. Kg2 Nce4 39. Kf1 Bd4 40.
Ke1 g5 41. Rab3 Kd6 42. Rb8 Nd3+ 43. Kf1 Rd1+ 44. Ke2 Nc3# {White checkmated}
0-1

[Event "Team 45 45 League T34"]
[Site "Internet Chess Club"]
[Date "2007.07.23"]
[Round "1"]
[White "Nosferatu1"]
[Black "Boromir"]
[Result "1/2-1/2"]
[WhiteElo "1820"]
[BlackElo "1918"]
[Opening "QGA: classical, 6...a6"]
[ECO "D27"]
[Time "17:04:02"]
[TimeControl "2700+45"]

1. d4 d5 2. c4 dxc4 3. e3 e6 4. Bxc4 c5 5. Nf3 Nf6 6. O-O a6 7. dxc5 Qxd1 8.
Rxd1 Bxc5 9. a3 b5 10. Be2 Bb7 11. b4 Bb6 12. Bb2 Nbd7 13. Nbd2 O-O 14. Rac1
Rac8 {Game drawn by mutual agreement} 1/2-1/2